[ AOE2 MATCH · #470831765 ]
1v1 RMCelts vs Bohemians
Player's team · WIN
Rival team · LOSS
[ REPLAY ANALYSIS · EXTRACTED FROM THE RECORDED GAME ]
Feudal
12:53
Castle
18:57
Imperial
—
| APM avg | 18.6 |
| APM peak | 31 |
| eAPM avg | 12.9 |
| Villagers / military | 45 / 46 |
Focus
⚔️ 27.8% · 🌾 72.2%
Woad Raider ×37 · Battering Ram ×5 · Spearman ×4
Feudal
12:59
Castle
16:41
Imperial
—
| APM avg | 28.2 |
| APM peak | 70 |
| eAPM avg | 18.0 |
| Villagers / military | 65 / 11 |
Focus
⚔️ 11.8% · 🌾 88.2%
Hussite Wagon ×7 · Mangonel ×4
Match map
Initial resources + every placement click. Lines = walls · curves = elevation contours. ◆ gold · ⬟ stone · ● berries · ✦ relic · ◌ wall gap
Your base· ✓ Closed at 18:57 · 3t walls · 4 gate(s)
FattyMcFarland's base· ✓ Closed at 16:41 · 0t walls · 3 gate(s)
Smoothed initial terrain · ◌ = detected wall gap · hover for details
Inputs per minute
— Malcupa - - FattyMcFarland
Build order — Malcupa
First 150 of 166 actions detected
| 0:02 | Create | Villager (Male) |
| 0:02 | Research | Loom |
| 0:11 | Build | House |
| 0:20 | Build | House |
| 0:25 | Create | Villager (Male) |
| 0:26 | Create | Villager (Male) |
| 0:26 | Create | Villager (Male) |
| 0:26 | Create | Villager (Male) |
| 0:33 | Build | House |
| 0:57 | Build | House |
| 0:59 | Build | House |
| 2:13 | Create | Villager (Male) |
| 2:14 | Create | Villager (Male) |
| 2:28 | Create | Villager (Male) |
| 2:55 | Create | Villager (Male) |
| 2:55 | Create | Villager (Male) |
| 3:24 | Create | Villager (Male) |
| 3:25 | Create | Villager (Male) |
| 3:25 | Create | Villager (Male) |
| 3:36 | Build | Lumber Camp |
| 4:05 | Create | Villager (Male) |
| 4:05 | Create | Villager (Male) |
| 4:28 | Create | Villager (Male) |
| 4:28 | Create | Villager (Male) |
| 5:13 | Create | Villager (Male) |
| 5:13 | Create | Villager (Male) |
| 5:14 | Create | Villager (Male) |
| 5:35 | Create | Villager (Male) |
| 5:35 | Create | Villager (Male) |
| 6:10 | Create | Villager (Male) |
| 6:10 | Create | Villager (Male) |
| 6:37 | Build | Mill |
| 6:50 | Create | Villager (Male) |
| 6:50 | Create | Villager (Male) |
| 7:58 | Build | Farm |
| 8:13 | Create | Villager (Male) |
| 8:13 | Create | Villager (Male) |
| 8:14 | Create | Villager (Male) |
| 8:14 | Create | Villager (Male) |
| 8:14 | Create | Villager (Male) |
| 8:58 | Create | Villager (Male) |
| 9:53 | Research | Feudal Age |
| 10:31 | Build | Mining Camp |
| 10:52 | Build | Farm |
| 11:03 | Create | Villager (Male) |
| 11:04 | Create | Villager (Male) |
| 11:30 | Build | House |
| 11:49 | Build | Mining Camp |
| 12:02 | Build | Farm |
| 12:05 | Build | Farm |
| 12:07 | Build | Farm |
| 12:10 | Build | Farm |
| 12:22 | Build | Mill |
| 12:29 | Build | House |
| 12:36 | Build | House |
| 12:53 | Age | Feudal Age |
| 12:57 | Research | Horse Collar |
| 12:59 | Research | Double-Bit Axe |
| 13:11 | Research | Town Watch |
| 13:38 | Build | Market |
| 13:53 | Build | Farm |
| 13:57 | Research | Wheelbarrow |
| 14:33 | Create | Villager (Male) |
| 14:33 | Create | Villager (Male) |
| 14:46 | Build | Blacksmith |
| 14:53 | Build | House |
| 15:17 | Create | Villager (Male) |
| 15:37 | Build | House |
| 16:17 | Research | Castle Age |
| 16:22 | Research | Fletching |
| 16:31 | Build | House |
| 16:34 | Build | House |
| 16:36 | Build | House |
| 17:36 | Build | Gate |
| 17:40 | Build | House |
| 17:41 | Build | House |
| 17:43 | Build | House |
| 17:56 | Build | Gate |
| 18:03 | Build | Stone Wall |
| 18:05 | Build | Stone Wall |
| 18:08 | Build | Stone Wall |
| 18:12 | Build | House |
| 18:15 | Build | House |
| 18:17 | Build | House |
| 18:26 | Build | Barracks |
| 18:36 | Build | House |
| 18:39 | Build | House |
| 18:51 | Build | House |
| 18:57 | Age | Castle Age |
| 19:00 | Research | Bodkin Arrow |
| 19:09 | Build | Stone Wall |
| 19:11 | Build | House |
| 19:26 | Build | Castle |
| 19:33 | Build | Siege Workshop |
| 19:44 | Create | Spearman |
| 20:11 | Build | House |
| 20:21 | Build | Siege Workshop |
| 20:32 | Build | Stone Wall |
| 20:33 | Build | Stone Wall |
| 20:33 | Build | Stone Wall |
| 20:47 | Create | Battering Ram |
| 21:33 | Create | Woad Raider |
| 21:36 | Create | Spearman |
| 21:36 | Create | Spearman |
| 21:37 | Create | Spearman |
| 21:47 | Create | Woad Raider |
| 21:48 | Create | Woad Raider |
| 21:48 | Create | Woad Raider |
| 21:48 | Create | Woad Raider |
| 21:49 | Create | Woad Raider |
| 21:49 | Create | Woad Raider |
| 22:08 | Build | Farm |
| 22:26 | Build | Mining Camp |
| 23:03 | Create | Woad Raider |
| 23:03 | Create | Woad Raider |
| 23:03 | Create | Woad Raider |
| 23:03 | Create | Woad Raider |
| 23:39 | Create | Villager (Male) |
| 23:39 | Create | Villager (Male) |
| 23:42 | Build | Farm |
| 23:45 | Build | Mining Camp |
| 24:34 | Create | Woad Raider |
| 24:34 | Create | Woad Raider |
| 24:39 | Create | Battering Ram |
| 24:57 | Research | Arson |
| 25:10 | Create | Villager (Male) |
| 25:26 | Create | Battering Ram |
| 25:47 | Create | Woad Raider |
| 25:47 | Create | Woad Raider |
| 26:31 | Create | Villager (Male) |
| 26:34 | Create | Villager (Male) |
| 26:44 | Build | Farm |
| 26:48 | Build | Farm |
| 26:54 | Build | Farm |
| 26:58 | Build | Mill |
| 27:01 | Build | Farm |
| 27:05 | Create | Villager (Male) |
| 27:31 | Create | Battering Ram |
| 27:40 | Create | Woad Raider |
| 27:40 | Create | Woad Raider |
| 27:40 | Create | Woad Raider |
| 27:41 | Create | Woad Raider |
| 27:55 | Create | Woad Raider |
| 27:55 | Create | Woad Raider |
| 28:06 | Research | Scale Mail Armor |
| 28:12 | Build | Farm |
| 28:16 | Create | Villager (Male) |
| 28:18 | Create | Villager (Male) |
| 28:22 | Create | Woad Raider |
| 28:22 | Create | Woad Raider |
Build order — FattyMcFarland
123 actions detected in the replay
| 0:03 | Build | House |
| 0:06 | Build | House |
| 0:07 | Create | Villager (Male) |
| 0:07 | Create | Villager (Male) |
| 0:08 | Create | Villager (Male) |
| 0:08 | Create | Villager (Male) |
| 1:41 | Create | Villager (Male) |
| 2:17 | Create | Villager (Male) |
| 2:37 | Create | Villager (Male) |
| 2:38 | Create | Villager (Male) |
| 2:38 | Create | Villager (Male) |
| 3:14 | Create | Villager (Male) |
| 3:15 | Create | Villager (Male) |
| 3:35 | Create | Villager (Male) |
| 3:35 | Create | Villager (Male) |
| 3:39 | Build | House |
| 3:41 | Build | House |
| 3:52 | Create | Villager (Male) |
| 3:53 | Create | Villager (Male) |
| 4:11 | Create | Villager (Male) |
| 4:11 | Create | Villager (Male) |
| 4:33 | Build | Mining Camp |
| 4:37 | Create | Villager (Male) |
| 4:54 | Build | Lumber Camp |
| 5:37 | Create | Villager (Male) |
| 5:38 | Create | Villager (Male) |
| 5:38 | Create | Villager (Male) |
| 6:01 | Create | Villager (Male) |
| 6:01 | Create | Villager (Male) |
| 6:01 | Create | Villager (Male) |
| 6:34 | Create | Villager (Male) |
| 6:56 | Build | Mill |
| 7:02 | Create | Villager (Male) |
| 7:03 | Create | Villager (Male) |
| 7:21 | Create | Villager (Male) |
| 7:22 | Create | Villager (Male) |
| 7:52 | Build | House |
| 7:53 | Build | House |
| 7:55 | Build | House |
| 8:00 | Create | Villager (Male) |
| 8:00 | Create | Villager (Male) |
| 8:16 | Create | Villager (Male) |
| 8:17 | Create | Villager (Male) |
| 9:36 | Build | Mining Camp |
| 9:55 | Create | Villager (Male) |
| 10:49 | Research | Feudal Age |
| 11:02 | Create | Villager (Male) |
| 11:02 | Research | Loom |
| 12:59 | Age | Feudal Age |
| 13:04 | Build | Market |
| 13:17 | Build | Blacksmith |
| 14:01 | Research | Castle Age |
| 14:09 | Build | Farm |
| 14:13 | Build | Farm |
| 14:16 | Build | Farm |
| 14:43 | Create | Villager (Male) |
| 14:44 | Create | Villager (Male) |
| 14:53 | Research | Fletching |
| 14:59 | Research | Padded Archer Armor |
| 15:09 | Research | Horse Collar |
| 16:02 | Research | Double-Bit Axe |
| 16:07 | Create | Villager (Male) |
| 16:07 | Create | Villager (Male) |
| 16:07 | Create | Villager (Male) |
| 16:41 | Age | Castle Age |
| 17:02 | Build | Castle |
| 17:22 | Build | Farm |
| 17:24 | Create | Villager (Male) |
| 17:35 | Build | Farm |
| 17:44 | Create | Villager (Male) |
| 17:59 | Build | Farm |
| 18:18 | Build | Lumber Camp |
| 18:25 | Build | Siege Workshop |
| 18:33 | Build | Farm |
| 18:39 | Build | Town Center |
| 18:48 | Build | Town Center |
| 19:02 | Build | Town Center |
| 19:04 | Create | Villager (Male) |
| 19:10 | Create | Hussite Wagon |
| 19:11 | Create | Hussite Wagon |
| 19:11 | Create | Hussite Wagon |
| 19:24 | Create | Villager (Male) |
| 19:33 | Build | Farm |
| 19:34 | Create | Villager (Male) |
| 19:40 | Create | Hussite Wagon |
| 20:24 | Build | Farm |
| 21:21 | Build | Castle |
| 21:33 | Create | Villager (Male) |
| 21:34 | Create | Villager (Male) |
| 21:34 | Create | Villager (Male) |
| 21:53 | Build | Farm |
| 22:05 | Build | Farm |
| 22:16 | Create | Villager (Male) |
| 22:16 | Create | Villager (Male) |
| 22:29 | Build | Stone Wall |
| 23:59 | Build | Siege Workshop |
| 24:01 | Create | Villager (Male) |
| 24:01 | Create | Villager (Male) |
| 24:28 | Create | Villager (Male) |
| 24:28 | Create | Villager (Male) |
| 25:07 | Create | Mangonel |
| 25:20 | Create | Villager (Male) |
| 25:20 | Create | Villager (Male) |
| 26:29 | Build | Farm |
| 27:01 | Build | Farm |
| 27:05 | Build | Farm |
| 27:06 | Build | Farm |
| 27:33 | Create | Mangonel |
| 27:40 | Build | Lumber Camp |
| 27:44 | Create | Mangonel |
| 27:47 | Create | Villager (Male) |
| 27:47 | Create | Villager (Male) |
| 27:48 | Create | Villager (Male) |
| 28:03 | Create | Hussite Wagon |
| 28:03 | Create | Hussite Wagon |
| 28:09 | Create | Villager (Male) |
| 28:13 | Create | Villager (Male) |
| 28:41 | Create | Villager (Male) |
| 28:41 | Create | Villager (Male) |
| 28:42 | Create | Villager (Male) |
| 28:48 | Create | Hussite Wagon |
| 28:53 | Create | Mangonel |
| 28:58 | Create | Villager (Male) |
Match timeline
| 12:53 | Malcupa · age_up feudal |
| 12:59 | FattyMcFarland · age_up feudal |
| 13:55 | FattyMcFarland · first_market_sell 100 wood |
| 13:56 | FattyMcFarland · first_market_buy 100 food |
| 16:15 | Malcupa · first_market_sell 100 food |
| 16:41 | FattyMcFarland · age_up castle |
| 17:02 | FattyMcFarland · first_building Castle |
| 18:03 | Malcupa · wall_segment Stone Wall x1 |
| 18:05 | Malcupa · wall_segment Stone Wall x1 |
| 18:08 | Malcupa · wall_segment Stone Wall x1 |
| 18:25 | FattyMcFarland · first_building Siege Workshop |
| 18:26 | Malcupa · first_building Barracks |
| 18:57 | Malcupa · age_up castle |
| 19:09 | Malcupa · wall_segment Stone Wall x8 |
| 19:20 | Malcupa · first_market_buy 100 stone |
| 19:26 | Malcupa · first_building Castle |
| 19:33 | Malcupa · first_building Siege Workshop |
| 20:32 | Malcupa · wall_segment Stone Wall x1 |
| 20:33 | Malcupa · wall_segment Stone Wall x1 |
| 20:33 | Malcupa · wall_segment Stone Wall x1 |
| 22:29 | FattyMcFarland · wall_segment Stone Wall x4 |
| 30:33 | FattyMcFarland · resign |
[ AI ANALYSIS · 1 CREDIT ]
What really happened in this match?
Wolo.gg analyzes every decision: build order, eco, micro, common mistakes by bracket. Personalized analysis on WhatsApp or Discord in 30 seconds.
Civ guide
Celts
Map guide
Arena
Perfil
Malcupa